 Dungeon Crawl Stone Soup version 0.25-a0-424-g80bd347ae0 (webtiles) character file.

Game seed: 2051086030089093376, levelgen mode: deterministic

46 Kohma the Stinger (level 3, -3/28 HPs)
             Began as a Naga Venom Mage on Jan 23, 2020.
             Slain by a kobold
             ... wielding a cursed -2 whip
              (7 damage)
             ... on level 2 of the Dungeon.
             The game lasted 00:04:47 (1518 turns).

Kohma the Stinger (Naga Venom Mage)                 Turns: 1518, Time: 00:04:48

Health: -3/28      AC:  4    Str: 10    XL:     3   Next: 66%
Magic:  1/6        EV:  9    Int: 16    God:
Gold:   33         SH:  0    Dex: 11    Spells: 6/7 levels left

rFire    . . .     SeeInvis +   i - +0 club
rCold    . . .     Gourm    .   (no shield)
rNeg     . . .     Faith    .   a - +0 robe
rPois    +         Spirit   .   (no helmet)
rElec    .         Reflect  .   b - +1 cloak
rCorr    .         Harm     .   (no gloves)
MR       .....                  (no barding)
Stlth    +.........             (no amulet)
HPRegen  0.09/turn              (no ring)
MPRegen  0.10/turn              (no ring)

@: very slightly contaminated, heavily drained, very slow
A: large, see invisible, deformed body, poison resistance, slowness 2, slow
metabolism 1, spit poison 1, AC +1
a: Spit Poison


You were on level 2 of the Dungeon.
You were hungry.

You visited 1 branch of the dungeon, and saw 2 of its levels.

You collected 33 gold pieces.

Inventory:

Hand Weapons
 i - a +0 club (weapon)
Missiles
 d - 26 arrows
 e - 20 stones (quivered)
Armour
 a - a +0 robe (worn)
 b - a +1 cloak (worn)
Scrolls
 g - a scroll of enchant weapon {unknown}
 k - 2 scrolls of identify {unknown}
Potions
 h - a potion of brilliance {unknown}
 j - a potion of haste {unknown}
Comestibles
 c - 2 rations


   Skills:
 - Level 1.5(0.0) Dodging
 - Level 3.0(0.8) Stealth
 + Level 2.5(0.4) Spellcasting
 - Level 1.0(0.0) Transmutations
 * Level 5.5(3.2) Poison Magic


You had 6 spell levels left.
You knew the following spells:

 Your Spells              Type           Power        Failure   Level  Hunger
a - Sting                 Tmut/Pois      #...         13%         1    ##.....

Your spell library contained the following spells:

 Spells                   Type           Power        Failure   Level  Hunger
 Poisonous Vapours        Pois/Air       #.....       19%         2    ###....
 Ignite Poison            Fire/Tmut/Pois #.......     43%         3    ####...
 Mephitic Cloud           Conj/Pois/Air  #.......     43%         3    ####...
 Olgreb's Toxic Radiance  Pois           ##......     54%         4    #####..


Dungeon Overview and Level Annotations

Branches:
Dungeon (2/15)

Altars:


Innate Abilities, Weirdness & Mutations

You cannot wear boots.
Your serpentine skin is tough. (AC +1)
You have supernaturally acute eyesight. (SInv)
Armour fits poorly on your strangely shaped body.
Your system is resistant to poisons. (rPois)
You cover ground very slowly.
You have a slow metabolism.
You can spit poison.


Message History

You see here a +0 club.
You kill the kobold!
The rat bites you but does no damage.
Press: ? - help, Shift-Dir - straight line, f - kobold
Aim: a kobold, wielding a -2 whip The splash of poison hits the kobold.
The kobold is poisoned.
The kobold is heavily wounded.
You feel slightly more hungry. The rat barely misses you.
The kobold barely misses you.
You hit the rat.
The rat is severely wounded.
The rat bites you but does no damage. The kobold hits you but does no damage.
The rat barely misses you.
You hit the rat but do no damage.
The rat is severely wounded.
You have got your breath back.
The kobold hits you but does no damage. The rat bites you.
* * * LOW HITPOINT WARNING * * *
The kobold hits you with a cursed -2 whip!
You die...

#. #.........
###.###.<##.#
###...........#
....$.#..#.#..###
.....#............
.......)#.#.##.##
...>.#......# ..
####.##r...#..# .
#....@K).....#
#..#(.........#
#............
##.?.......##
#.....###...
#.....#/#...
#.....###.##
..........#


You could see a kobold and a rat.

Vanquished Creatures
  An ooze (D:1)
  3 dart slugs (D:1)
  A leopard gecko (D:1)
  3 bats (D:1)
  2 giant cockroaches (D:1)
  A goblin (D:1)
  4 hobgoblins
  5 jackals (D:1)
  4 kobolds
  A ball python (D:1)
  2 frilled lizards (D:1)
  6 rats (D:1)
33 creatures vanquished.

Notes
Turn   | Place    | Note
-------+----------+-------------------------------------------
     0 | D:1      | Kohma the Naga Venom Mage began the quest for the Orb.
     0 | D:1      | Reached XP level 1. HP: 15/15 MP: 3/3
   256 | D:1      | Reached XP level 2. HP: 22/22 MP: 0/5
   676 | D:1      | Reached skill level 5 in Poison Magic
   766 | D:1      | Reached XP level 3. HP: 28/28 MP: 4/6
  1518 | D:2      | Slain by a kobold

Levels and vault maps discovered:
D:1:      lemuel_arrival_cross, layout_basic
D:2:      layout_rooms, serial_glass, glass_columns_b, glass_columns_a,
          glass_columns_a, glass_columns_a, glass_columns_a, glass_columns_a,
          glass_columns_a, glass_columns_a, glass_columns_a, glass_columns_c,
          item_on_display_a

Skill      XL: |  1  2 |
---------------+-------+-----
Poison Magic   | 5 |  5.5
Dodging        | |  1.5
Stealth        | |  3.0
Spellcasting   | |  2.5
Transmutations | |  1.0

Action                   || total
-------------------------++-------
Melee: Unarmed           ||    32
       Club              ||    13
Throw: Stone             ||     4
 Cast: Sting             ||    54
 Abil: Spit Poison       ||     3
  Eat: Chunk             ||     1
Armor: Robe              ||    30
Dodge: Dodged            ||    60

Table legend:
 A = Non-vault XP
 B = Vault XP
 C = Vault XP percentage of total XP
 D = Non-vault monster count
 E = Vault monster count
 F = Vault count percentage of total count
                 A         B        C        D         E       F
            +---------+---------+-------+---------+---------+-------
      Total |      66 |       0 |   0.0 |      33 |       0 |   0.0
            +---------+---------+-------+---------+---------+-------
        D:1 |      59 |       0 |   0.0 |      29 |       0 |   0.0
        D:2 |       7 |       0 |   0.0 |       4 |       0 |   0.0
            +---------+---------+-------+---------+---------+-------
